Map: Habitation Station LE (Void)

Players

Fropez

  • Race: Protoss Protoss
  • League: Gold
  • Spawn Location: 11:00

Trolious - Winner!

  • Race: Zerg Zerg
  • League: Gold
  • Spawn Location: 1:00

VOD

Have the link to the VOD?

Description

Time

  • Played on: Nov. 29, 2016, 6:40 p.m.
  • Length: 7:59
Show
View Real Time Build Order
Export as new Build Order

Fropez Protoss 

Build Orders: 1 Gate Expand 

Get SALT Encoding   

  12  0:01  Probe (Chrono Boost)  
  13  0:14  Pylon  
  13  0:18  Probe (Chrono Boost)  
  14  0:29  Probe (Chrono Boost)  
  14  0:34  Gateway  
  15  0:39  Probe (Chrono Boost)  
  16  0:46  Assimilator  
  16  0:56  Probe (Chrono Boost)  
  17  1:08  Probe (Chrono Boost)  
  17  1:09  Pylon  
  18  1:15  Assimilator  
  18  1:23  Probe (Chrono Boost)  
  19  1:39  Probe (Chrono Boost)  
  20  1:44  Nexus  
  20  1:50  Probe (Chrono Boost)  
  21  2:00  Probe (Chrono Boost)  
  22  2:05  Cybernetics Core  
  22  2:11  Probe (Chrono Boost)  
  22  2:13  Zealot  
  25  2:36  Gateway  
  25  2:37  Gateway  
  26  2:44  Pylon  
  26  2:47  Mothership Core (Chrono Boost)  
  26  2:48  Warp Gate (Chrono Boost)  
  27  2:55  Pylon  
  27  3:05  Probe (Chrono Boost)  
  28  3:09  Probe (Chrono Boost)  
  28  3:10  Gateway  
  29  3:16  Probe (Chrono Boost)  
  29  3:19  Probe (Chrono Boost)  
  31  3:30  Probe  
  32  3:36  Probe  
  33  3:42  Adept x3  
  33  3:48  Probe  
  39  3:49  Probe, Assimilator  
  41  3:58  Adept, Probe  
  44  4:03  Pylon  
  44  4:07  Probe  
  45  4:12  Probe  
  46  4:38  Probe  
  46  4:39  Probe  
  46  4:42  Stalker  
  46  4:43  Twilight Council, Stalker x2  
  46  4:44  Gateway  
  54  4:47  Gateway  
  54  4:55  Probe  
  54  4:56  Probe  
  54  4:58  Assimilator  
  56  5:07  Probe  
  56  5:08  Stalker x2  
  56  5:09  Stalker  
  63  5:17  Probe  
  63  5:28  Resonating Glaives (Chrono Boost)  
  63  5:31  Nexus  
  63  5:34  Probe  
  63  5:35  Probe  
  65  5:49  Adept x2  
  69  5:56  Pylon  
  69  6:00  Pylon  
  69  6:04  Pylon  
  69  6:07  Probe  
  70  6:12  Pylon  
  70  6:13  Probe  
  71  6:24  Adept x2  
  71  6:25  Adept x4  
  83  6:53  Probe  
  83  6:54  Adept x5  
  87  6:55  Probe  
  89  7:04  Probe  
  89  7:06  Gateway  
  89  7:07  Probe, Gateway  
  54  7:43  Zealot  
  54  7:44  Zealot x2  
Show
View Real Time Build Order
Export as new Build Order

Trolious Zerg - Winner!

Build Orders: 3 Hatch before Pool 

Get SALT Encoding   

  12  0:02  Drone  
  13  0:12  Overlord  
  13  0:17  Drone  
  14  0:31  Drone x2  
  16  0:52  Hatchery  
  16  0:56  Drone x2  
  17  0:59  Drone  
  18  1:11  Drone  
  18  1:18  Drone  
  20  1:30  Hatchery  
  19  1:46  Spawning Pool  
  18  1:47  Drone x2  
  18  1:52  Extractor  
  18  1:53  Drone  
  20  2:01  Drone  
  21  2:04  Drone  
  22  2:16  Drone x2  
  24  2:26  Drone  
  24  2:27  Overlord  
  25  2:40  Drone x2  
  27  2:46  Queen  
  27  2:47  Queen x2  
  27  2:51  Drone  
  34  2:53  Drone  
  35  3:01  Metabolic Boost  
  34  3:14  Drone  
  34  3:15  Drone x6  
  41  3:20  Extractor  
  41  3:21  Extractor  
  39  3:29  Overlord x2  
  39  3:48  Lair  
  39  3:50  Drone x7  
  39  3:51  Drone  
  47  4:08  Overlord x4  
  47  4:15  Roach Warren  
  46  4:17  Drone  
  46  4:18  Drone  
  46  4:20  Extractor, Drone  
  46  4:21  Drone  
  46  4:23  Drone  
  50  4:57  Evolution Chamber  
  50  4:58  Evolution Chamber  
  50  4:59  Drone  
  51  5:00  Drone x13  
  51  5:03  Extractor  
  51  5:05  Extractor  
  60  5:26  Zerg Ground Armor Level 1, Zerg Missile Weapons Level 1  
  60  5:27  Glial Reconstitution  
  60  5:30  Overseer  
  62  5:35  Roach  
  62  5:36  Roach x9  
  80  5:43  Roach  
  80  5:46  Overlord  
  80  5:47  Overlord x3  
  82  6:02  Hydralisk Den  
  81  6:19  Roach  
  81  6:20  Roach x15  
  81  6:24  Overlord  
  113  6:27  Overlord  
  113  6:28  Overlord  
  113  6:51  Roach x10  
  113  6:53  Roach  
  135  7:01  Overlord x2  
  135  7:02  Overlord  
  127  7:34  Roach  
  127  7:35  Roach x13  
Tags
 
Add a new tag
Caveats
  • Supply blocks, unpowered buildings, or Contaminate may cause inaccurate times.
  • Supply counts are checked every 10 seconds.